NCAA
PACIFIC TIGERS @ ARIZONA WILDCATS
03/25/2060
 
TOP OF THE 1ST
Pacific Tigers batting - Pitching for Arizona Wildcats : RHP Landin Kobayashi
Pitching: RHP Landin Kobayashi
Batting: RHB Dillon Cope 0-0: Ball
1-0: Foul Ball, location: 2F
1-1: Foul Ball, location: 2F
1-2: Strikes out looking
Batting: RHB Keaton Borneman 0-0: Called Strike
0-1: DOUBLE (Line Drive, 7LS, EV 108.8 MPH)
Batting: LHB Deontay Gardner 0-0: Swinging Strike
0-1: Ball
1-1: Foul Ball, location: 2F
1-2: Ball
2-2: Ball
3-2: Strikes out swinging
Batting: RHB R.C. Fees 0-0: Called Strike
0-1: Swinging Strike
0-2: Ball
1-2: Strikes out swinging
Top of the 1st over - 0 runs, 1 hit, 0 errors, 1 left on base; Pacific 0 - Arizona 0
BOTTOM OF THE 1ST
Arizona Wildcats batting - Pitching for Pacific Tigers : RHP K.J. Perica
Pitching: RHP K.J. Perica
Batting: RHB Brendan McIntyre 0-0: Ground out 5-3 (Groundball, 56, EV 83.1 MPH)
Batting: LHB Mason Ruff 0-0: Ground out 1-3 (Groundball, 34S, EV 65.0 MPH)
Batting: RHB Brian Panek 0-0: Foul Ball, location: 2F
0-1: Foul Ball, location: 2F
0-2: Foul Ball, location: 2F
0-2: Ground out 4-3 (Groundball, 4M, EV 103.8 MPH)
Bottom of the 1st over - 0 runs, 0 hits, 0 errors, 0 left on base; Pacific 0 - Arizona 0
TOP OF THE 2ND
Pacific Tigers batting - Pitching for Arizona Wildcats : RHP Landin Kobayashi
Batting: SHB Kyler Schuff 0-0: Fly out, F9 (Flyball, 9D, EV 100.0 MPH)
Batting: SHB Henry Champion 0-0: Swinging Strike
0-1: Foul Ball, location: 2F
0-2: Ball
1-2: Strikes out swinging
Batting: RHB Joey Tindall 0-0: Ball
1-0: Foul Ball, location: 2F
1-1: Ground out 4-3 (Groundball, 4, EV 83.8 MPH)
Top of the 2nd over - 0 runs, 0 hits, 0 errors, 0 left on base; Pacific 0 - Arizona 0
BOTTOM OF THE 2ND
Arizona Wildcats batting - Pitching for Pacific Tigers : RHP K.J. Perica
Batting: RHB Spencer Harris 0-0: Swinging Strike
0-1: SINGLE (Line Drive, 7S, EV 95.6 MPH)
Batting: RHB Lucas Doyle 0-0: Ball
1-0: Foul Ball, location: 2F
1-1: Fielders Choice at 2nd, 4-6 (Groundball, 4S, EV 83.8 MPH)
Batting: SHB Isaac Willis 0-0: Fly out, F9 (Line Drive, 9S, EV 99.4 MPH)
Batting: RHB Richard Sall 0-0: Foul Ball, location: 2F
0-1: Called Strike
0-2: Foul Ball, location: 2F
0-2: Fly out, F9 (Flyball, 89M, EV 81.2 MPH)
Bottom of the 2nd over - 0 runs, 1 hit, 0 errors, 1 left on base; Pacific 0 - Arizona 0
TOP OF THE 3RD
Pacific Tigers batting - Pitching for Arizona Wildcats : RHP Landin Kobayashi
Batting: RHB Devin Pickett 0-0: Ball
1-0: Called Strike
1-1: Foul Ball, location: 2F
1-2: Ball
2-2: Foul Ball, location: 2F
2-2: Strikes out swinging
Batting: RHB Lemarr Fornasari 0-0: Called Strike
0-1: Ball
1-1: Ball
2-1: Called Strike
2-2: Strikes out swinging
Batting: RHB Dillon Cope 0-0: Ball
1-0: Swinging Strike
1-1: Called Strike
1-2: Ball
2-2: Foul Ball, location: 2F
2-2: Strikes out looking
Top of the 3rd over - 0 runs, 0 hits, 0 errors, 0 left on base; Pacific 0 - Arizona 0
BOTTOM OF THE 3RD
Arizona Wildcats batting - Pitching for Pacific Tigers : RHP K.J. Perica
Batting: LHB Jaylin Dube 0-0: Foul Ball, location: 2F
0-1: Ball
1-1: Foul Ball, location: 2F
1-2: Ground out 2-3 (Groundball, 15S, EV 74.4 MPH)
Batting: RHB Wendel Serrano 0-0: Called Strike
0-1: Ball
1-1: SINGLE (Line Drive, 56D, EV 96.9 MPH)
Batting: RHB Brendan McIntyre 0-0: Foul Ball, location: 2F
0-1: SINGLE (Line Drive, 7S, EV 96.9 MPH)
Wendel Serrano to second
Batting: LHB Mason Ruff 0-0: Fly out, F3 (Line Drive, 3, EV 69.4 MPH)
Batting: RHB Brian Panek 0-0: Ball
1-0: Foul Ball, location: 2F
1-1: Called Strike
1-2: SINGLE (Flyball, 9LS, EV 96.9 MPH)
Wendel Serrano to third
Brendan McIntyre to second
Runner from 3rd tries for Home, SAFE, throw by RF to home
Batting: RHB Spencer Harris 0-0: SINGLE (Groundball, 6MD, EV 110.0 MPH)
Brendan McIntyre to third
Brian Panek to second
Runner from 3rd tries for Home, SAFE, throw by CF to home
Batting: RHB Lucas Doyle 0-0: Ball
1-0: Ball
2-0: Ball
3-0: Called Strike
3-1: Base on Balls
Brian Panek to third
Spencer Harris to second
Batting: SHB Isaac Willis 0-0: Called Strike
0-1: SINGLE (Line Drive, 89S, EV 106.9 MPH)
Brian Panek scores
Spencer Harris to third
Lucas Doyle to second
Batting: RHB Richard Sall 0-0: Ball
1-0: Called Strike
1-1: Foul Ball, location: 2F
1-2: Ball
2-2: Ball
3-2: Ground out 6-3 (Groundball, 6MS, EV 86.2 MPH)
Bottom of the 3rd over - 3 runs, 5 hits, 0 errors, 3 left on base; Pacific 0 - Arizona 3
TOP OF THE 4TH
Pacific Tigers batting - Pitching for Arizona Wildcats : RHP Landin Kobayashi
Batting: RHB Keaton Borneman 0-0: Ground out 6-3 (Groundball, 6M, EV 91.9 MPH)
Batting: LHB Deontay Gardner 0-0: Ball
1-0: Ball
2-0: Ball
3-0: Called Strike
3-1: Swinging Strike
3-2: Foul Ball, location: 2F
3-2: Strikes out looking
Batting: RHB R.C. Fees 0-0: Ball
1-0: Ball
2-0: Ball
3-0: Base on Balls
Batting: SHB Kyler Schuff 0-0: Ball
1-0: Ball
2-0: Ball
3-0: Called Strike
3-1: Foul Ball, location: 2F
3-2: Ground out 4-3 (Groundball, 4, EV 79.4 MPH)
Top of the 4th over - 0 runs, 0 hits, 0 errors, 1 left on base; Pacific 0 - Arizona 3
BOTTOM OF THE 4TH
Arizona Wildcats batting - Pitching for Pacific Tigers : RHP K.J. Perica
Batting: LHB Jaylin Dube 0-0: Foul Ball, location: 2F
0-1: Ground out 4-3 (Groundball, 4, EV 86.2 MPH)
Batting: RHB Wendel Serrano 0-0: Ball
1-0: Foul Ball, location: 2F
1-1: Ground out 4-3 (Groundball, 4M, EV 97.5 MPH)
Batting: RHB Brendan McIntyre 0-0: Called Strike
0-1: Foul Ball, location: 2F
0-2: Strikes out swinging
Bottom of the 4th over - 0 runs, 0 hits, 0 errors, 0 left on base; Pacific 0 - Arizona 3
TOP OF THE 5TH
Pacific Tigers batting - Pitching for Arizona Wildcats : RHP Landin Kobayashi
Batting: SHB Henry Champion 0-0: Called Strike
0-1: Called Strike
0-2: Strikes out looking
Batting: RHB Joey Tindall 0-0: Ball
1-0: Foul Ball, location: 2F
1-1: Called Strike
1-2: Ball
2-2: Ball
3-2: DOUBLE (Line Drive, 9LM, EV 99.4 MPH)
Batting: RHB Devin Pickett 0-0: Ball
1-0: Called Strike
Joey Tindall steals 3rd base
1-1: Ball
2-1: Swinging Strike
2-2: Ground out 5-3 (Groundball, 56S, EV 65.0 MPH)
Joey Tindall scores
Batting: RHB Lemarr Fornasari 0-0: Ball
1-0: Foul Ball, location: 2F
1-1: Ball
2-1: Ball
3-1: Called Strike
3-2: SINGLE (Flyball, 8LS, EV 84.4 MPH)
Batting: RHB Dillon Cope 0-0: Ball
1-0: Ball
2-0: Ball
3-0: Base on Balls
Lemarr Fornasari to second
Batting: RHB Keaton Borneman 0-0: Called Strike
0-1: Ball
1-1: Called Strike
1-2: Ground out U3 (Groundball, 3, EV 96.9 MPH)
Top of the 5th over - 1 run, 2 hits, 0 errors, 2 left on base; Pacific 1 - Arizona 3
BOTTOM OF THE 5TH
Arizona Wildcats batting - Pitching for Pacific Tigers : RHP K.J. Perica
Batting: LHB Mason Ruff 0-0: Fly out, F2 (Popup, 25F, EV 88.8 MPH)
Batting: RHB Brian Panek 0-0: Swinging Strike
0-1: Ball
1-1: Foul Ball, location: 2F
1-2: Strikes out swinging
Batting: RHB Spencer Harris 0-0: Called Strike
0-1: Foul Ball, location: 2F
0-2: Ball
1-2: Ball
2-2: SINGLE (Line Drive, 4D, EV 99.4 MPH)
Batting: RHB Lucas Doyle 0-0: DOUBLE (Groundball, 5L, EV 100.6 MPH)
Spencer Harris to third
Batting: SHB Isaac Willis 0-0: Called Strike
0-1: Ball
1-1: Ball
2-1: Ball
3-1: Base on Balls
Batting: RHB Richard Sall 0-0: Ball
1-0: Swinging Strike
1-1: Foul Ball, location: 2F
1-2: Ball
2-2: Ball
3-2: Strikes out swinging
Bottom of the 5th over - 0 runs, 2 hits, 0 errors, 3 left on base; Pacific 1 - Arizona 3
TOP OF THE 6TH
Pacific Tigers batting - Pitching for Arizona Wildcats : RHP Landin Kobayashi
Pitching: RHP Demarco Cox
Batting: LHB Deontay Gardner 0-0: Foul Ball, location: 2F
0-1: Ground out 6-3 (Groundball, 56, EV 86.9 MPH)
Batting: RHB R.C. Fees 0-0: Ball
1-0: Swinging Strike
1-1: Swinging Strike
1-2: Strikes out looking
Batting: SHB Kyler Schuff 0-0: Ball
1-0: Fly out, F8 (Line Drive, 78M, EV 94.4 MPH)
Top of the 6th over - 0 runs, 0 hits, 0 errors, 0 left on base; Pacific 1 - Arizona 3
BOTTOM OF THE 6TH
Arizona Wildcats batting - Pitching for Pacific Tigers : RHP K.J. Perica
Batting: LHB Jaylin Dube 0-0: Ball
1-0: Foul Ball, location: 2F
1-1: Ball
2-1: Foul Ball, location: 2F
2-2: Foul Ball, location: 2F
2-2: Strikes out looking
Pitching: RHP Michael Best
Batting: RHB Wendel Serrano 0-0: Ball
1-0: Ball
2-0: Called Strike
2-1: Ground out 3-1 (Groundball, 34S, EV 90.0 MPH)
Batting: RHB Brendan McIntyre 0-0: Ball
1-0: Ball
2-0: Called Strike
2-1: Foul Ball, location: 2F
2-2: Ball
3-2: Base on Balls
Batting: LHB Mason Ruff 0-0: Ball
1-0: Swinging Strike
1-1: Swinging Strike
1-2: Ground out 4-3 (Groundball, 34, EV 86.9 MPH)
Bottom of the 6th over - 0 runs, 0 hits, 0 errors, 1 left on base; Pacific 1 - Arizona 3
TOP OF THE 7TH
Pacific Tigers batting - Pitching for Arizona Wildcats : RHP Demarco Cox
Batting: SHB Henry Champion 0-0: Ball
1-0: Ball
2-0: Foul Ball, location: 2F
2-1: Foul Ball, location: 2F
2-2: Ball
3-2: Ground out U3 (Groundball, 34S, EV 83.1 MPH)
Batting: RHB Joey Tindall 0-0: Foul Ball, location: 2F
0-1: Ball
1-1: Ball
2-1: Foul Ball, location: 2F
2-2: Foul Ball, location: 2F
2-2: Foul Ball, location: 2F
2-2: Strikes out looking
Batting: RHB Devin Pickett 0-0: Ball
1-0: Ball
2-0: Fly out, F9 (Flyball, 9, EV 82.5 MPH)
Top of the 7th over - 0 runs, 0 hits, 0 errors, 0 left on base; Pacific 1 - Arizona 3
BOTTOM OF THE 7TH
Arizona Wildcats batting - Pitching for Pacific Tigers : RHP Michael Best
Batting: RHB Brian Panek 0-0: Ball
1-0: Fly out, F8 (Flyball, 78D, EV 95.6 MPH)
Batting: RHB Spencer Harris 0-0: Foul Ball, location: 2F
0-1: SINGLE (Groundball, 5D, EV 105.0 MPH)
Batting: RHB Lucas Doyle 0-0: Ball
1-0: SINGLE (Groundball, 56D, EV 106.9 MPH)
Spencer Harris to second
Batting: SHB Isaac Willis 0-0: Called Strike
0-1: Ball
1-1: Ball
2-1: DOUBLE (Line Drive, 78D, EV 105.0 MPH)
Spencer Harris scores
Lucas Doyle to third
Runner from 3rd tries for Home, SAFE, no throw by CF
Batting: RHB Richard Sall 0-0: Called Strike
0-1: Ball
1-1: Fly out, F9 (Flyball, 9S, EV 73.1 MPH)
Batting: LHB Jaylin Dube 0-0: Ball
1-0: Foul Ball, location: 2F
1-1: Ground out U3 (Groundball, 3L, EV 82.5 MPH)
Bottom of the 7th over - 2 runs, 3 hits, 0 errors, 1 left on base; Pacific 1 - Arizona 5
TOP OF THE 8TH
Pacific Tigers batting - Pitching for Arizona Wildcats : RHP Demarco Cox
Batting: RHB Lemarr Fornasari 0-0: Ball
1-0: Called Strike
1-1: DOUBLE (Line Drive, 78D, EV 110.6 MPH)
Batting: RHB Dillon Cope 0-0: Ball
1-0: Ball
2-0: SINGLE (Line Drive, 8RS, EV 85.6 MPH)
Lemarr Fornasari to third
Batting: RHB Keaton Borneman 0-0: Swinging Strike
0-1: Ball
1-1: SINGLE (Groundball, 6D, EV 107.5 MPH)
Lemarr Fornasari scores
Dillon Cope to second
Batting: LHB Deontay Gardner 0-0: Called Strike
0-1: Foul Ball, location: 2F
0-2: Ball
1-2: Fly out, F2 (Popup, 15S, EV 86.9 MPH)
Batting: RHB R.C. Fees 0-0: Ball
1-0: Foul Ball, location: 2F
1-1: 3-RUN HOME RUN (Flyball, 9D, EV 95.0 MPH), Distance : 367 ft
Pitching: RHP Sean McIntosh
Batting: SHB Kyler Schuff 0-0: Ball
1-0: Called Strike
1-1: Fly out, F7 (Flyball, 7LSF, EV 96.9 MPH)
Batting: SHB Henry Champion 0-0: Ball
1-0: Foul Ball, location: 2F
1-1: Foul Ball, location: 2F
1-2: Strikes out swinging
Top of the 8th over - 4 runs, 4 hits, 0 errors, 0 left on base; Pacific 5 - Arizona 5
BOTTOM OF THE 8TH
Arizona Wildcats batting - Pitching for Pacific Tigers : RHP Michael Best
Pinch Hitting: LHB LaDontae Sini 0-0: Ball
1-0: Swinging Strike
1-1: Ball
2-1: Ground out 4-3 (Groundball, 4, EV 100.0 MPH)
Batting: RHB Brendan McIntyre 0-0: Swinging Strike
0-1: Ball
1-1: Swinging Strike
1-2: Ball
2-2: Fly out, F9 (Line Drive, 89D, EV 98.1 MPH)
Batting: LHB Mason Ruff 0-0: Ball
1-0: Swinging Strike
1-1: Ball
2-1: Ball
3-1: Swinging Strike
3-2: Foul Ball, location: 2F
3-2: Foul Ball, location: 2F
3-2: Ground out 1-3 (Groundball, 13, EV 67.5 MPH)
Bottom of the 8th over - 0 runs, 0 hits, 0 errors, 0 left on base; Pacific 5 - Arizona 5
TOP OF THE 9TH
Pacific Tigers batting - Pitching for Arizona Wildcats : RHP Sean McIntosh
Now in LF: LaDontae Sini
Batting: RHB Joey Tindall 0-0: Ball
1-0: Called Strike
1-1: DOUBLE (Line Drive, 3D, EV 95.6 MPH)
Batting: RHB Devin Pickett 0-0: Intentional Walk
Batting: RHB Lemarr Fornasari 0-0: Ball
1-0: SINGLE (Groundball, 3D, EV 102.5 MPH)
Joey Tindall to third
Devin Pickett to second
Runner from 3rd tries for Home, SAFE, throw by RF to home
Batting: RHB Dillon Cope 0-0: Ball
1-0: Called Strike
1-1: SINGLE (Line Drive, 8LS, EV 103.8 MPH)
Devin Pickett to third
Lemarr Fornasari to second
Batting: RHB Keaton Borneman 0-0: Ball
1-0: Fly out, F8 (Flyball, 8LM, EV 90.6 MPH)
Batting: LHB Deontay Gardner 0-0: Ball
1-0: SINGLE (Flyball, 6MD, EV 100.0 MPH)
Devin Pickett scores
Lemarr Fornasari to third
Dillon Cope to second
Batting: RHB R.C. Fees 0-0: Ball
1-0: Called Strike
1-1: Ball
2-1: GRAND SLAM HOME RUN (Flyball, 9D, EV 102.5 MPH), Distance : 382 ft
Pitching: LHP Frank Kropp
Batting: SHB Kyler Schuff 0-0: Ball
1-0: Swinging Strike
1-1: Called Strike
1-2: Foul Ball, location: 2F
1-2: Strikes out swinging
Batting: SHB Henry Champion 0-0: Called Strike
0-1: Ground out 6-3 (Groundball, 6, EV 81.2 MPH)
Top of the 9th over - 6 runs, 5 hits, 0 errors, 0 left on base; Pacific 11 - Arizona 5
BOTTOM OF THE 9TH
Arizona Wildcats batting - Pitching for Pacific Tigers : RHP Michael Best
Batting: RHB Brian Panek 0-0: Foul Ball, location: 2F
0-1: SINGLE (Line Drive, 78M, EV 91.9 MPH)
Pitching: RHP Matt Boyett
Batting: RHB Spencer Harris 0-0: Called Strike
0-1: Foul Ball, location: 2F
0-2: Foul Ball, location: 2F
0-2: Foul Ball, location: 2F
0-2: Ground out 5-3 (Groundball, 56S, EV 69.4 MPH)
Brian Panek to second
Batting: RHB Lucas Doyle 0-0: Fly out, F9 (Flyball, 9D, EV 95.6 MPH)
Runner from 2nd tags up, SAFE at 3rd, no throw by RF
Batting: SHB Isaac Willis 0-0: Ball
1-0: Ball
2-0: Ball
3-0: Called Strike
3-1: Called Strike
3-2: Foul Ball, location: 2F
3-2: Foul Ball, location: 2F
3-2: SINGLE (Line Drive, 4M, EV 106.2 MPH)
Brian Panek scores
Batting: RHB Richard Sall 0-0: Ball
1-0: SINGLE (Groundball, 56D, EV 96.2 MPH)
Isaac Willis to second
Batting: LHB Jaylin Dube 0-0: Called Strike
0-1: Ball
1-1: Reached on error, E4 (Groundball, 4, EV 104.4 MPH)
Isaac Willis to third
Richard Sall to second
Batting: LHB LaDontae Sini 0-0: Ball
1-0: Foul Ball, location: 2F
1-1: Foul Ball, location: 2F
1-2: Ball
2-2: Foul Ball, location: 2F
2-2: Foul Ball, location: 2F
2-2: Foul Ball, location: 2F
2-2: Reached on error, E4 (Groundball, 4, EV 103.1 MPH)
Isaac Willis scores
Richard Sall to third
Jaylin Dube to second
Batting: RHB Brendan McIntyre 0-0: Called Strike
0-1: Fielders Choice at 2nd, 6-4 (Groundball, 56, EV 84.4 MPH)
Bottom of the 9th over - 2 runs, 3 hits, 2 errors, 3 left on base; Pacific 11 - Arizona 7
Wednesday, April 17th , 2024 - OOTP Baseball 23.10 Build 110